 Dungeon Crawl Stone Soup version 0.13.0-25-g43d4df3 (webtiles) character file.

233 MackTheKnife the Ducker (level 4, -5/28 HPs)
             Began as a Halfling Warper on Oct 29, 2013.
             Killed by divine providence
             ... invoked by an orc priest
              (10 damage)
             ... on Level 3 of the Dungeon.
             The game lasted 00:04:43 (2595 turns).

MackTheKnife the Ducker (Halfling Warper)           Turns: 2595, Time: 00:04:43

HP  -5/28        AC  5     Str  8      XL: 4   Next: 71%
MP   3/5         EV 13     Int 13      God:
Gold 150         SH  0     Dex 16      Spells:  2 memorised,  3 levels left

Res.Fire  : . . .   See Invis. : .   a - +0 short sword
Res.Cold  : . . .   Warding    : .   y - +0 leather armour (curse)
Life Prot.: . . .   Conserve   : .   (no shield)
Res.Poison: .       Res.Corr.  : .   (no helmet)
Res.Elec. : .       Clarity    : .   (no cloak)
Sust.Abil.: . .     Spirit.Shd : .   o - +0 pair of gloves
Res.Mut.  : .       Stasis     : .   m - +0 pair of boots
Res.Rott. : .       Flight     : .   (no amulet)
Saprovore : . . .                    (no ring)
                                     (no ring)

@: shrouded (expiring), slightly resistant to hostile enchantments, unstealthy
A: mutation resistance 1, slow metabolism 1
a: no special abilities


You were on level 3 of the Dungeon.
You were hungry.

You visited 1 branch of the dungeon, and saw 3 of its levels.

You collected 100 gold pieces.

Inventory:

Hand weapons
 a - a +0,+0 short sword (weapon)
Missiles
 e - 15 darts (quivered)
 f - 10 darts of dispersal
Armour
 m - a +0 pair of boots (worn)
 o - a +0 pair of gloves (worn)
 y - a cursed +0 leather armour (worn)
Comestibles
 g - 3 bread rations
 h - a choko
 k - a banana
Scrolls
 l - 5 scrolls of remove curse
 n - a scroll of enchant weapon I {unknown}
 r - a scroll of amnesia {unknown}
 s - a scroll of teleportation {unknown}
 u - a scroll of random uselessness {unknown}
 v - a scroll of curse armour {unknown}
 w - a scroll of recharging {unknown}
 x - a scroll of fog {unknown}
Potions
 b - a potion of agility {unknown}
 j - 2 potions of resistance {unknown}
 p - a potion of confusion {unknown}
 q - 4 potions of curing {unknown}
 t - a potion of heal wounds {unknown}
Books
 c - a book of Spatial Translocations

   Spells                             Type                      Level
   *Apportation                       Translocation                1
   Portal Projectile                  Translocation                2
   Blink                              Translocation                2
   *Shroud of Golubria                Charms/Translocation         2
   Teleport Other                     Translocation                3
   Passage of Golubria                Translocation                4


   Skills:
 - Level 1.7 Fighting
 * Level 4.0 Short Blades
 - Level 1.3 Throwing
 - Level 0.7 Armour
 * Level 4.1 Dodging
 - Level 1.5 Spellcasting
 + Level 3.9 Translocations


You had 3 spell levels left.
You knew the following spells:

 Your Spells              Type           Power        Failure   Level  Hunger
a - Apportation           Tloc           ##........   8%          1    ##.....
b - Shroud of Golubria    Chrm/Tloc      #.........   21%         2    ###....


Dungeon Overview and Level Annotations

Branches:
Dungeon (3/27)

Altars:


Innate Abilities, Weirdness & Mutations

You are small and have problems with some larger weapons.
You are somewhat resistant to further mutation.
You have a slow metabolism.


Message History

An orc is nearby!
Read which item? (? for menu, Esc to quit)
Okay, then.
Casting: Shroud of Golubria
Confirm with . or Enter, or press ? or * to list all spells.
Space distorts slightly along a thin shroud covering your body.
You are feeling hungry.
You hit the orc but do no damage. You hit the orc but do no damage.
The orc barely misses you.
You hit the orc but do no damage. The orc hits you but does no damage.
You are electrocuted!
Ouch! That really hurt!
* * * LOW HITPOINT WARNING * * *
The orc priest utters an invocation to Beogh.
You feel a wave of unholy energy pass over you.
Your shroud begins to fray at the edges.
You see here 19 arrows.
The orc priest invokes the aid of Beogh against you.
Something smites you!
You die...

.# #....... .# #.......
##.#####....# ...........##
#...######.#% ######...######..)
####.o...............
#...(#####......##...
.####...@#####......##.##
...(............o........
########.###...##...##.##
..................o......
#########.###...##........ #...#
#.# ######...#.
..######...#####.###############.
.................>......... ..
...###...######......[..... ..


You could see an orc priest and an orc.

Vanquished Creatures
  3 adders
  3 giant geckos
  An ooze (D:2)
  3 orcs (D:3)
  6 bats
  5 giant cockroaches
  5 hobgoblins
  A quokka (D:3)
  2 giant newts
  8 goblins
  2 jackals (D:2)
  3 kobolds
  5 rats
47 creatures vanquished.

Notes
Turn   | Place    | Note
--------------------------------------------------------------
     0 | D:1      | MackTheKnife, the Halfling Warper, began the quest for the Orb.
     0 | D:1      | Reached XP level 1. HP: 13/13 MP: 1/1
   294 | D:1      | Reached XP level 2. HP: 16/18 MP: 2/2
   310 | D:1      | Learned a level 2 spell: Shroud of Golubria
   869 | D:2      | Reached XP level 3. HP: 21/23 MP: 4/4
  1699 | D:2      | Reached XP level 4. HP: 26/28 MP: 5/5
  1750 | D:2      | Reached skill level 4 in Dodging
  2595 | D:3      | Killed from afar by an orc priest

Action                   |  1- 3 |  4- 6 || total
-------------------------+-------+-------++-------
Melee: Short sword       |   139 |    70 ||   209
 Cast: Shroud of Golubri |       |     2 ||     2
  Use: Scroll            |     2 |     1 ||     3
 Stab: Sleeping          |       |     1 ||     1
